 Dungeon Crawl Stone Soup version 0.31-a0-7-g51783674b7 (webtiles) character file.

Game seed: 8404780932667568228

73 ytrimaz the Grave Robber (level 4, -3/30 HPs)
             Began as a Demonspawn Necromancer on May 5, 2023.
             Slain by Grinder (4 damage)
             ... on level 3 of the Dungeon.
             The game lasted 00:03:15 (2429 turns).

ytrimaz the Grave Robber (Demonspawn Necromancer)   Turns: 2429, Time: 00:03:15

Health: -3/30      AC:  3    Str:  9    XL:     4   Next: 8%
Magic:  8/8        EV: 12    Int: 18    God:
Gold:   70         SH:  0    Dex: 13    Spells: 4/8 levels left

rFire   . . .        (no weapon)
rCold   . . .        (no shield)
rNeg    . . .        a - +0 robe
rPois   .            (no helmet)
rElec   .            (no cloak)
rCorr   .            (no gloves)
SInv    .            i - +0 pair of boots
Will    .....        (no amulet)
Stlth   ++           (no ring)
HPRegen 0.25/turn    (no ring)
MPRegen 0.22/turn

%: no passive effects
@: mighty, brilliant, about to teleport
A: spiny 1, magic regeneration
a: no special abilities


You were on level 3 of the Dungeon.
You visited 1 branch of the dungeon, and saw 3 of its levels.

You collected 70 gold pieces.


Innate Abilities, Weirdness & Mutations

You are partially covered in sharp spines.
You regenerate magic rapidly.


   Skills:
 + Level 2.7 Dodging
 - Level 1.7 Stealth
 + Level 2.8 Spellcasting
 + Level 5.1 Necromancy


You had 4 spell levels left.
You knew the following spells:

 Your Spells              Type           Power      Damage    Failure   Level
a - Necrotise             Necr           100%       1d9       1%          1
b - Vampiric Draining     Necr           31%        2d8       6%          3

Your spell library contained the following spells:

 Spells                   Type           Power      Damage    Failure   Level
 Summon Small Mammal      Summ           12%        N/A       17%         1
 Animate Dead             Necr           31%        N/A       21%         4
 Call Canine Familiar     Summ           3%         N/A       45%         3
 Ignite Poison            Fire/Tmut/Pois 3%         N/A       45%         3
 Summon Guardian Golem    Hex/Summ       3%         N/A       45%         3
 Sticky Flame             Conj/Fire      3%         2d3       86%         4
 Agony                    Necr           31%        N/A       50%         5
 Ignition                 Fire           1%         3d3       100%        8

Inventory:

Armour
 a - a +0 robe (worn)
 i - a +0 pair of boots (worn)
   (You found it on level 1 of the Dungeon)
Jewellery
 l - a ring of willpower
   (You found it on level 2 of the Dungeon)
Scrolls
 f - a scroll of teleportation
 j - a scroll of identify {unknown}
 k - a scroll of torment {unknown}
Potions
 b - a potion of magic
 h - a potion of brilliance

Dungeon Overview and Level Annotations

Branches:
Dungeon (3/15) Zot: 15571

Altars:
Ru

Annotations:
D:3 Grinder

############
...r.§§§§§§##
......§§§r§5######
########
####.§#####@§§☼..#
#...#... #..
#.####.####.##.##.
#.
#§..##.#...##.##.#
#.
#.#.##.†.###.##.##
.
#.#.##.####..###..
##
..#......<########
.#####.###.....###
# #.# #........
###.###)....###


You could see Grinder and a rat.


Message History

You lost 1 mp, and now have 4/8 mp.
The worm barely resists.
The worm is struck by your spines.
You kill the worm! 😎 MP[-1]
You lost 1 mp, and now have 3/8 mp.
Unknown command.
You can't see any susceptible monsters within range! (Use Z to cast anyway.)
You see here a worm corpse.
Key pressed, stopping explore.
Unknown command. 😎 MP[+5]
Your mp is fully restored (8).
Found a sacrificial altar of Ru.
There is a sacrificial altar of Ru here.
You see here a worm corpse.
Key pressed, stopping explore.
A rat comes into view.
A rat is nearby!
A rat is nearby!
A rat is nearby!
A rat is nearby!
A rat is nearby!
You can't see any susceptible monsters within range! (Use Z to cast anyway.)
You can't see any susceptible monsters within range! (Use Z to cast anyway.) Unknown command.
You can't see any susceptible monsters within range! (Use Z to cast anyway.) Grinder comes into view.
You see here 9 gold pieces.
Grinder shouts!
Grinder is unaffected. 😎 MP[-1]
You lost 1 mp, and now have 7/8 mp.
Unknown command.
Unknown command.
Casting: Necrotise (safe; 1% risk of failure)
Confirm with . or Enter, or press ? or * to list all spells.
Okay, then.
Unknown command.
Casting: Necrotise (safe; 1% risk of failure)
Confirm with . or Enter, or press ? or * to list all spells.
Okay, then.
As you read the scroll labelled DONKOEG TUNATOLE, it crumbles to dust.
The scroll dissolves into smoke.
It was a scroll of fog.
Grinder gestures at you. Pain shoots through your body! 😕 HP[-2]
You take 2 damage, and now have 28/30 hp.
Unknown command.
The air fills with toxic fumes!
As you read the scroll labelled ANORIHAYMP, it crumbles to dust.
It was a scroll of poison. 😕 MP[+1]
Your mp is fully restored (8).
Really walk into that cloud of poison gas?
You are engulfed in poison gas.
You are poisoned.
You feel very sick. 😮 HP[-10]
You take 10 damage, and now have 18/30 hp.
MASSIVE DAMAGE!! (PAUSE)
* * * LOW HITPOINT WARNING * * *
You feel very sick. Grinder gestures at you. Pain shoots through your body!
* * * LOW HITPOINT WARNING * * *
😨 HP[-6]
You take 6 damage, and now have 12/30 hp.
Unknown command.
It was a potion of brilliance.
You feel clever all of a sudden.
* * * LOW HITPOINT WARNING * * *
You feel very sick. 😨 HP[-3]
You take 3 damage, and now have 9/30 hp.
It was a potion of might.
You feel very mighty all of a sudden.
* * * LOW HITPOINT WARNING * * *
You feel very sick.
Grinder blinks! 😱 HP[-3]
You take 3 damage, and now have 6/30 hp.
It was a potion of curing.
You feel better.
Grinder blinks! 😨 HP[+6]
You regained 6 hp, and now have 12/30 hp.
Unknown command.
Unknown command.
Casting: Necrotise (safe; 1% risk of failure)
Confirm with . or Enter, or press ? or * to list all spells.
Okay, then.
As you read the scroll labelled RABYOL YFULLUO, it crumbles to dust.
You feel strangely unstable.
It was a scroll of teleportation.
Grinder hits you!
* * * LOW HITPOINT WARNING * * *
You writhe in agony.
* * * LOW HITPOINT WARNING * * *
😱 HP[-11]
You take 11 damage, and now have 1/30 hp.
MASSIVE DAMAGE!! (PAUSE) Grinder attacks as you move away!
Grinder hits you.
You die...

Skill      XL: |  1  2  3 |
---------------+----------+-----
Dodging        | 2 |  2.7
Necromancy     | 5 |  5.1
Stealth        | |  1.7
Spellcasting   | |  2.8

Action                     |  1- 3 |  4- 6 || total
---------------------------+-------+-------++-------
  Melee: Unarmed           |    22 |       ||    22
   Cast: Necrotise         |    80 |    11 ||    91
         Vampiric Draining |     1 |       ||     1
    Use: Scroll            |       |     3 ||     3
         Potion            |       |     3 ||     3
   Stab: Distracted        |     1 |       ||     1
 Armour: Robe              |     6 |       ||     6
  Dodge: Dodged            |    17 |       ||    17

Levels and vault maps discovered:
D:1:      roderic_octagonal_star, layout_loops_ring
D:2:      layout_basic
D:3:      layout_loops_ring, marbit_many_paths, nrook_campfire, uniq_grinder

Notes
Turn   | Place    | Note
-------+----------+-------------------------------------------
     0 | D:1      | ytrimaz the Demonspawn Necromancer began the quest for the
                  | Orb.
     0 | D:1      | Reached XP level 1. HP: 13/13 MP: 3/3
     0 | D:1      | magus.rc [v1.9.6]
   293 | D:1      | You pick up a book of Callings and begin reading...
   293 | D:1      | You add the spells Summon Small Mammal, Call Canine
                  | Familiar and Summon Guardian Golem to your library.
   320 | D:1      | Reached skill level 2 in Dodging
   399 | D:1      | Gained mutation: You regenerate magic rapidly. [demonic
                  | ancestry]
   399 | D:1      | Reached XP level 2. HP: 19/19 MP: 3/5
  1243 | D:2      | Reached XP level 3. HP: 14/24 MP: 0/6
  1452 | D:2      | Learned a level 3 spell: Vampiric Draining
  1718 | D:2      | You add the spells Ignite Poison, Sticky Flame and Ignition
                  | to your library.
  1746 | D:2      | Reached skill level 5 in Necromancy
  2155 | D:2      | Gained mutation: You are partially covered in sharp spines.
                  | [demonic ancestry]
  2155 | D:2      | Reached XP level 4. HP: 28/30 MP: 3/8
  2376 | D:3      | Found a sacrificial altar of Ru.
  2417 | D:3      | Noticed Grinder
  2426 | D:3      | HP: 6/30 [poisoned by you (poison gas)]
  2428 | D:3      | HP: 1/30 [Grinder (2)]
  2429 | D:3      | Slain by Grinder

Vanquished Creatures
  2 adders (D:2)
  4 worms
  A dart slug (D:2)
  5 bats
  2 endoplasms
  2 giant cockroaches (D:1)
  6 goblins
  5 hobgoblins
  2 quokkas
  5 ball pythons
  4 frilled lizards
  A kobold (D:2)
  2 rats (D:2)
41 creatures vanquished.

Table legend:
 A = Non-vault XP
 B = Vault XP
 C = Vault XP percentage of total XP
 D = Non-vault monster count
 E = Vault monster count
 F = Vault count percentage of total count
                 A         B        C        D         E       F
            +---------+---------+-------+---------+---------+-------
      Total |     100 |       5 |   4.8 |      40 |       1 |   2.4
            +---------+---------+-------+---------+---------+-------
        D:1 |      30 |       0 |   0.0 |      18 |       0 |   0.0
        D:2 |      67 |       0 |   0.0 |      20 |       0 |   0.0
        D:3 |       3 |       5 |  62.5 |       2 |       1 |  33.3
            +---------+---------+-------+---------+---------+-------

Skill      XL: |  1  2  3 |
---------------+----------+-----
Dodging        | 2 |  2.7
Necromancy     | 5 |  5.1
Stealth        | |  1.7
Spellcasting   | |  2.8

Action                     |  1- 3 |  4- 6 || total
---------------------------+-------+-------++-------
  Melee: Unarmed           |    22 |       ||    22
   Cast: Necrotise         |    80 |    11 ||    91
         Vampiric Draining |     1 |       ||     1
    Use: Scroll            |       |     3 ||     3
         Potion            |       |     3 ||     3
   Stab: Distracted        |     1 |       ||     1
 Armour: Robe              |     6 |       ||     6
  Dodge: Dodged            |    17 |       ||    17

Illustrated notes

Table legend:
 A = Kills in this place as a percentage of kills in the entire game.
 B = Kills by you in this place as a percentage of kills by you in the entire game.
 C = Kills by friends in this place as a percentage of kills by friends in the entire game.
 D = Other kills in this place as a percentage of other kills in the entire game.
 E = Experience gained in this place as a percentage of experience gained in the entire game.
 F = Experience gained in this place divided by the number of levels of this place that you have seen.
                   A       B       C       D       E      F
               +-------+-------+-------+-------+-------+----------------------
         Total | 100.0 | 100.0 |   N/A |   N/A | 100.0 |  35.0
       Dungeon | 100.0 | 100.0 |   N/A |   N/A | 100.0 |  35.0
               +-------+-------+-------+-------+-------+----------------------

Table legend: (Time is in decaauts)
 A = Elapsed time spent in this place.
 B = Non-inter-level travel time spent in this place.
 C = Inter-level travel time spent in this place.
 D = Time resting spent in this place.
 E = Time spent auto-exploring this place.
 F = Levels seen in this place.
 G = Mean time per level.
                   A        B        C        D        E       F      G
               +--------+--------+--------+--------+--------+-----+--------+
         Total |   2428 |   2326 |    102 |      0 |   2068 |   3 |  809.3 |
       Dungeon |   2428 |   2326 |    102 |      0 |   2068 |   3 |  809.3 |
               +--------+--------+--------+--------+--------+-----+--------+

Top non-repeatable levels by time:
     D:2: 1183 daAuts
     D:1: 1106 daAuts
     D:3: 138 daAuts
